 Dungeon Crawl Stone Soup version 0.18-b1-1-gfba2bb3 (webtiles) character file.

2324 Minkie the Slicer (level 9, 0/52 HPs)
             Began as a Kobold Berserker on Apr 27, 2016.
             Was a Priest of Trog.
             Slain by a sky beast (2 damage)
             ... on level 8 of the Dungeon.
             The game lasted 00:22:58 (6848 turns).

Minkie the Slicer (Kobold Berserker)                Turns: 6848, Time: 00:22:59

Health: 0/52       AC:  7    Str: 15    XL:     9   Next: 69%
Magic:  13/13      EV: 18    Int:  5    God:    Trog [***...]
Gold:   450        SH:  0    Dex: 21    Spells: 0 memorised, 8 levels left

rFire  . . .     SeeInvis .     a - +0 short sword
rCold  . . .     Gourm    .     A - +0 leather armour
rNeg   . . .     Faith    .     (shield restricted)
rPois  .         Spirit   .     q - +0 helmet
rElec  .         Dismiss  .     x - +0 cloak
rCorr  .         Reflect  .     h - +0 pair of gloves
SustAt .         Harm     .     l - +0 pair of boots
MR     .....                    (no amulet)
Stlth  ++++......               (no ring)
                                e - +2 ring of dexterity

@: exhausted, slowed, very slow, not resistant to hostile enchantments, stealthy
A: carnivore 3
a: Berserk, Trog's Hand, Burn Spellbooks, Renounce Religion


You were on level 8 of the Dungeon.
You worshipped Trog.
Trog was most pleased with you.
You were very full.

You visited 1 branch of the dungeon, and saw 8 of its levels.

You collected 450 gold pieces.

Inventory:

Hand Weapons
 a - a +0 short sword (weapon)
Missiles
 g - 10 tomahawks (quivered)
Armour
 h - a +0 pair of gloves (worn)
 l - a +0 pair of boots (worn)
 q - a +0 helmet (worn)
 x - a +0 cloak (worn)
 A - a +0 leather armour (worn)
Rods
 z - a +1 rod of shadows (11/11)
   (You found it on level 3 of the Dungeon)
Jewellery
 e - a +2 ring of dexterity (left hand)
Wands
 y - a wand of flame (16/48)
 D - a wand of flame (36/48)
 F - a wand of confusion (16/48)
 J - a wand of flame (33/48)
 M - a wand of confusion (7/48)
Scrolls
 b - 2 scrolls of magic mapping {unknown}
 f - 3 scrolls of noise {unknown}
 j - 4 scrolls of teleportation
 m - 2 scrolls of random uselessness {unknown}
 n - 2 scrolls of blinking {unknown}
 s - 2 scrolls of remove curse
 t - a scroll of fog {unknown}
 w - a scroll of enchant armour {unknown}
 C - 2 scrolls of enchant weapon {unknown}
 E - 2 scrolls of immolation {unknown}
 H - a scroll of amnesia {unknown}
 N - a scroll of vulnerability {unknown}
Potions
 d - 2 potions of lignification
 i - a potion of resistance
 o - a potion of haste
 p - 3 potions of mutation {unknown}
 r - a potion of agility {unknown}
 u - 2 potions of ambrosia {unknown}
 v - a potion of curing {unknown}
 G - a potion of flight {unknown}
 K - 2 potions of magic {unknown}
 L - a potion of berserk rage {unknown}
 O - a potion of heal wounds {unknown}
Comestibles
 c - 4 meat rations
 k - a slice of pizza
 B - 7 beef jerkies
 I - 2 chunks of flesh


   Skills:
 - Level 4.0 Fighting
 * Level 11.4 Short Blades
 - Level 1.5 Armour
 - Level 5.0 Dodging
 + Level 8.0 Stealth
 + Level 6.3 Evocations


You had 8 spell levels left.
You didn't know any spells.

Dungeon Overview and Level Annotations

Branches:
Dungeon (8/15)             Temple (0/1) D:7
   Lair: D:8-11

Altars:
Ashenzari
Cheibriados
Dithmenos
Kikubaaqudgha
Nemelex Xobeh
Vehumet
Zin


Innate Abilities, Weirdness & Mutations

You are small and have problems with some larger weapons.
You are carnivorous and can eat meat at any time.


Message History

The gnoll sergeant burns the freed slave.
The gnoll barely misses the freed slave.
The gnoll hits the freed slave with a halberd.
The freed slave dies!
The gnoll looks more experienced.
A sky beast appears from thin air!
Reactivating autopickup.
The sky beast hits you but does no damage.
The sky beast misses you.
The sky beast hits you but does no damage.
Some of the chunks of flesh in your inventory have rotted away.
The sky beast hits you but does no damage.
The gnoll sergeant hits you from afar with a spear of flaming.
* * * LOW HITPOINT WARNING * * *
The gnoll sergeant burns you.
* * * LOW HITPOINT WARNING * * *
The sky beast closely misses you.
Found a dyed leather armour.
The gnoll sergeant misses you. The sky beast hits you.
You die...

.# ....####....................
>+ ........####............#.. .#
....###..###.........#### .#
..........#####.#.##.# ..
..#.###..#####.#.##.# # .# #.#.#
##.....#.#.##.######.## .# #.#.#
#.......#.##.#........
≈####.#.####..g..###.##........##
[.(........g..gY@................
.)###.###.....g......#.##<######
...g..# #............#.####
..##### #...........[).. ..#
#............#.. ..#
#####........#... ..#
..#.######... ..# ......( #.###
..# .##.#


You could see a sky beast, 2 gnoll sergeants and 2 gnolls.

Vanquished Creatures
  Pikel (D:8)
  The ghost of KNBrisson the Changer, a novice VSTm (D:4)
  An orc warrior (D:6)
  An ice beast (D:7)
  A slave (D:8)
  2 ogres
  3 phantoms
  A giant frog (D:7)
  A water moccasin zombie (D:5)
  2 scorpions
  A howler monkey (D:5)
  2 crimson imps
  3 hounds
  A giant frog zombie (D:6)
  2 jellies
  An orc priest (D:4)
  2 centaur skeletons
  An iguana (D:5)
  3 orc wizards
  3 worker ants
  Robin (D:2)
  4 gnolls
  8 adders
  2 shadow imps
  An ooze (D:5)
  An adder skeleton (D:4)
  A worm (D:3)
  A dart slug (D:1)
  6 giant geckos
  19 orcs
  4 ball pythons
  3 giant cockroaches
  7 hobgoblins
  5 quokkas
  17 bats
  5 giant newts
  14 goblins
  7 kobolds
  A quokka skeleton (D:6)
  A quokka zombie (D:5)
  5 rats
146 creatures vanquished.

Vanquished Creatures (others)
  A slave (D:8)
1 creature vanquished.

Grand Total: 147 creatures vanquished

Notes
Turn   | Place    | Note
--------------------------------------------------------------
     0 | D:1      | Minkie the Kobold Berserker began the quest for the Orb.
     0 | D:1      | Reached XP level 1. HP: 14/14 MP: 1/1
   169 | D:1      | Reached skill level 1 in Stealth
   169 | D:1      | Reached XP level 2. HP: 15/19 MP: 2/2
   355 | D:1      | Reached XP level 3. HP: 23/23 MP: 3/3
  1057 | D:2      | Reached ** piety under Trog
  1304 | D:2      | Reached XP level 4. HP: 29/29 MP: 4/4
  1371 | D:2      | Noticed Robin
  1396 | D:2      | Reached skill level 5 in Short Blades
  1411 | D:2      | Killed Robin
  2249 | D:3      | Reached XP level 5. HP: 33/33 MP: 5/5
  2279 | D:3      | Reached *** piety under Trog
  2370 | D:3      | Found a shattered altar of Ashenzari.
  2621 | D:3      | Found an ancient bone altar of Kikubaaqudgha.
  2897 | D:3      | Reached skill level 1 in Evocations
  2981 | D:4      | Reached XP level 6. HP: 36/38 MP: 6/6
  2989 | D:4      | Noticed KNBrisson's ghost (novice VSTm)
  3007 | D:4      | Killed KNBrisson's ghost
  3007 | D:4      | Reached skill level 6 in Short Blades
  3007 | D:4      | Reached XP level 7. HP: 43/43 MP: 6/8
  3310 | D:4      | Reached skill level 7 in Short Blades
  4085 | D:5      | Entered Level 5 of the Dungeon
  4325 | D:5      | Reached skill level 5 in Dodging
  4325 | D:5      | Reached skill level 5 in Stealth
  4325 | D:5      | Reached XP level 8. HP: 41/48 MP: 10/10
  4420 | D:5      | Reached skill level 8 in Short Blades
  4526 | D:5      | Reached **** piety under Trog
  4684 | D:5      | Found a glowing silver altar of Zin.
  4685 | D:5      | Found a snail-covered altar of Cheibriados.
  4685 | D:5      | Found a shadowy altar of Dithmenos.
  5108 | D:6      | Reached skill level 9 in Short Blades
  5661 | D:6      | Identified a +1 rod of shadows (11/11) (You found it on level 3 of the Dungeon)
  5727 | D:7      | Found a radiant altar of Vehumet.
  5839 | D:7      | Reached skill level 10 in Short Blades
  5839 | D:7      | Reached skill level 5 in Evocations
  5839 | D:7      | Reached XP level 9. HP: 52/52 MP: 12/12
  5907 | D:7      | Found a staircase to the Ecumenical Temple.
  6674 | D:7      | Found a sparkling altar of Nemelex Xobeh.
  6775 | D:8      | Noticed Pikel
  6828 | D:8      | Killed Pikel
  6828 | D:8      | Reached skill level 11 in Short Blades
  6843 | D:8      | HP: 1/52 [gnoll sergeant/spear of flaming (2)]
  6848 | D:8      | Slain by a sky beast

Skill      XL: |  1  2  3  4  5  6  7  8  9 |
---------------+----------------------------+-----
Stealth        | 1 2 3 4 5 6 8 |  8.0
Short Blades   | 5 6 7 10 11 | 11.4
Dodging        | 3 4 5 |  5.0
Fighting       | 4 |  4.0
Evocations     | 1 2 3 5 6 |  6.3
Armour         | |  1.5

Action                   |  1- 3 |  4- 6 |  7- 9 || total
-------------------------+-------+-------+-------++-------
Melee: Short sword       |    80 |   213 |   517 ||   810
Throw: Tomahawk          |       |       |     3 ||     3
Invok: Berserk           |       |     3 |     7 ||    10
       Trog's Hand       |       |     1 |     2 ||     3
  Use: Scroll            |       |       |     7 ||     7
 Stab: Sleeping          |     8 |    12 |    11 ||    31
  Eat: Chunk             |    10 |     7 |    20 ||    37
Armor: Animal skin       |    12 |    26 |       ||    38
       Leather armour    |       |       |    63 ||    63
Dodge: Dodged            |    61 |   137 |   229 ||   427
